 Dungeon Crawl Stone Soup version 0.27.1-33-g824d729ab1 (webtiles) character file.

Game seed: 18281096159436452521

98 Nixze the Stinger (level 4, -2/26 HPs)
             Began as a Deep Elf Venom Mage on Dec 28, 2021.
             Slain by an ogre (28 damage)
             ... on level 3 of the Dungeon.
             The game lasted 00:08:33 (2604 turns).

Nixze the Stinger (Deep Elf Venom Mage)             Turns: 2604, Time: 00:08:34

Health: -2/26      AC:  3    Str:  5    XL:     4   Next: 44%
Magic:  1/10       EV: 12    Int: 21    God:
Gold:   112        SH:  0    Dex: 15    Spells: 3/9 levels left

rFire    . . .     SeeInvis .   d - staff of poison
rCold    . . .     Faith    .   (no shield)
rNeg     . . .     Spirit   .   a - +0 robe
rPois    +         Reflect  .   m - +0 helmet
rElec    .         Harm     .   (no cloak)
rCorr    .         Rampage  .   (no gloves)
Will     .....                  (no boots)
Stlth    ++........             (no amulet)
HPRegen  0.08/turn              (no ring)
MPRegen  0.12/turn              (no ring)

@: no status effects
A: no striking features
a: no special abilities


You were on level 3 of the Dungeon.
You visited 1 branch of the dungeon, and saw 3 of its levels.

You collected 112 gold pieces.

Inventory:

Hand Weapons
 f - a +2 whip of venom
Missiles
 g - 166 stones (quivered)
Armour
 a - a +0 robe (worn)
 m - a +0 helmet (worn)
Magical Staves
 d - a staff of poison (weapon)
Scrolls
 c - a scroll of identify {unknown}
 i - a scroll of teleportation {unknown}
 k - a scroll of immolation {unknown}
 l - a scroll of holy word {unknown}
Potions
 b - a potion of ambrosia {unknown}
 e - a potion of attraction {unknown}
 h - a potion of resistance {unknown}
 j - a potion of invisibility {unknown}
 n - a potion of degeneration {unknown}
 o - a potion of curing {unknown}
 p - a potion of brilliance {unknown}


   Skills:
 - Level 2.0 Fighting
 + Level 2.5 Dodging
 - Level 3.0 Stealth
 - Level 3.0 Spellcasting
 - Level 1.0 Conjurations
 - Level 2.0 Transmutations
 - Level 2.0 Air Magic
 - Level 3.2 Poison Magic


You had 3 spell levels left.
You knew the following spells:

 Your Spells              Type           Power      Damage    Failure   Level
a - Sting                 Tmut/Pois      84%        1d7       4%          1
b - Poisonous Vapours     Pois/Air       42%        N/A       7%          2
c - Mephitic Cloud        Conj/Pois/Air  17%        N/A       17%         3

Your spell library contained the following spells:

 Spells                   Type           Power      Damage    Failure   Level
 Olgreb's Toxic Radiance  Pois           25%        N/A       34%         4


Dungeon Overview and Level Annotations

Branches:
Dungeon (3/15)

Altars:

Shops:
D:2 (


Message History

You can't see any susceptible monsters within range! (Use Z to cast anyway.) Throw: 167 stones
Press: ? - help, Q - select action, (/) - cycle Shift-Dir - straight line, f - ogre
Aim: an ogre, wielding a +0 giant club (noxious fumes, lightly wounded, very poisoned, 74% to hit)
You throw a stone.
The stone hits the ogre but does no damage.
The ogre is lightly wounded.
The ogre is engulfed in noxious fumes.
Casting: Mephitic Cloud (quite dangerous; 17% risk of failure)
Confirm with . or Enter, or press ? or * to list all spells.
Aiming: Sting (safe; 4% risk of failure)
Press: ? - help, Shift-Dir - straight line, f/p - ogre
Aim: an ogre, wielding a +0 giant club (noxious fumes, lightly wounded, very poisoned, 89% to hit)
You feel a surge of power!
The sting hits the ogre but does no damage.
The ogre looks even sicker.
The ogre is lightly wounded.
The ogre is engulfed in noxious fumes.
The ogre appears confused.
Casting: Sting (safe; 4% risk of failure)
Confirm with . or Enter, or press ? or * to list all spells.
Aiming: Sting (safe; 4% risk of failure)
Press: ? - help, Shift-Dir - straight line, f/p - ogre
Aim: an ogre, wielding a +0 giant club (noxious fumes, lightly wounded, confused, very poisoned, 98% to hit)
You feel a surge of power!
The sting hits the ogre but does no damage.
The ogre looks as sick as possible!
The ogre is lightly wounded.
The ogre is engulfed in noxious fumes.
The ogre appears confused.
Casting: Sting (safe; 4% risk of failure)
Confirm with . or Enter, or press ? or * to list all spells.
Aiming: Sting (safe; 4% risk of failure)
Press: ? - help, Shift-Dir - straight line, f/p - ogre
Aim: an ogre, wielding a +0 giant club (moderately wounded, confused, extremely poisoned, 98% to hit)
You feel a surge of power!
The sting hits the ogre.
The ogre looks as sick as possible!
The ogre is moderately wounded.
The ogre looks very confused.
The ogre hits you with a +0 giant club!!
Ouch! That really hurt!
You die...

...........####8.
.###................ .#
#.†###..###...>.. .#
#...##..# 8..8 .#
#.#.##..# #..# # .#
#.#.##..# #.. $#
.###.#.##..# #.##.##
<.......)..#####....°###
.##..#.#.÷......@O°°°....
.##.##..#........########
###.##.#.#.#####.....
#.##.##.## ######
#.##.#### ###.##.######
........)...#
###.#######.## #.# #..#


You could see an ogre (confused, extremely poisoned).

Vanquished Creatures
  3 adders
  An ufetubus (D:3)
  A dart slug (D:2)
  A worm (D:2)
  An orc (D:3)
  5 ball pythons
  5 bats
  4 endoplasms
  2 giant cockroaches
  6 goblins
  7 hobgoblins
  4 quokkas
  6 frilled lizards
  9 kobolds
  2 rats
57 creatures vanquished.

Notes
Turn   | Place    | Note
-------+----------+-------------------------------------------
     0 | D:1      | Nixze the Deep Elf Venom Mage began the quest for the Orb.
     0 | D:1      | Reached XP level 1. HP: 10/10 MP: 6/6
   159 | D:1      | Reached skill level 1 in Fighting
   290 | D:1      | Reached XP level 2. HP: 16/16 MP: 5/8
   435 | D:1      | Learned a level 2 spell: Poisonous Vapours
   762 | D:1      | Found a faded altar of an unknown god.
  1024 | D:2      | Reached skill level 1 in Air Magic
  1024 | D:2      | Reached XP level 3. HP: 12/21 MP: 1/9
  1197 | D:2      | Found Luisme's Weapon Boutique.
  1581 | D:2      | Learned a level 3 spell: Mephitic Cloud
  1720 | D:2      | Reached XP level 4. HP: 26/26 MP: 7/10
  2398 | D:3      | Reached skill level 1 in Conjurations
  2596 | D:3      | Noticed an ogre
  2604 | D:3      | Slain by an ogre

Illustrated notes

Levels and vault maps discovered:
D:1:      minmay_arrival_three_doors, layout_basic,
          shapermc_ecumenical_altar_acropolis, minmay_liquid_box
D:2:      layout_basic, serial_shops, nicolae_shop_statue_plus,
          minmay_pentomino_pile
D:3:      minmay_octagon_keep, layout_loops_ring, mainiacjoe_overflow_alcove_4,
          nicolae_overflow_hidden_temple, st_stairs_6, serial_bayou_pond_e

Skill      XL: |  1  2  3  4 |
---------------+-------------+-----
Fighting       | 1 2 |  2.0
Air Magic      | 1 2 |  2.0
Stealth        | 3 |  3.0
Transmutations | 2 |  2.0
Conjurations   | 1 |  1.0
Dodging        | |  2.5
Spellcasting   | |  3.0
Poison Magic   | |  3.2

Action                   |  1- 3 |  4- 6 || total
-------------------------+-------+-------++-------
Melee: Staff             |     6 |     3 ||     9
Throw: Stone             |       |     1 ||     1
 Cast: Sting             |    57 |    19 ||    76
       Poisonous Vapours |    10 |    11 ||    21
       Mephitic Cloud    |       |     1 ||     1
Armor: Robe              |     6 |     3 ||     9
Dodge: Dodged            |    12 |     4 ||    16
